 Dungeon Crawl Stone Soup version 0.28-a0-60-g54b5640690 (webtiles) character file.

Game seed: 1773239736947898467

165 dolemite99 the Chopper (level 5, -1/45 HPs)
             Began as a Hill Orc Fighter on July 31, 2021.
             Was an Initiate of Beogh.
             Slain by an orc (3 damage)
             ... on level 3 of the Dungeon.
             The game lasted 00:03:20 (2933 turns).

dolemite99 the Chopper (Hill Orc Fighter)           Turns: 2933, Time: 00:03:21

Health: -1/45      AC:  6    Str: 19 (20) XL:     5   Next: 46%
Magic:  5/5        EV:  7    Int:  5 (8)  God:    Beogh [......]
Gold:   143        SH:  8    Dex:  8 (10) Spells: 4/4 levels left

rFire   . . .      SeeInvis .   w - +2 whip (elec)
rCold   . . .      Faith    .   c - +0 kite shield
rNeg    . . .      Spirit   .   b - +0 scale mail
rPois   .          Reflect  .   (no helmet)
rElec   .          Harm     .   (no cloak)
rCorr   .          Rampage  .   (no gloves)
Will    .....                   (no boots)
Stlth   ..........              (no amulet)
HPRegen 0.15/turn               (no ring)
MPRegen 0.09/turn               (no ring)

@: mighty, flying
A: no striking features
a: Renounce Religion


You were on level 3 of the Dungeon.
You worshipped Beogh.
Beogh was noncommittal.
You visited 1 branch of the dungeon, and saw 4 of its levels.

You collected 143 gold pieces.

Inventory:

Hand Weapons
 a - a +0 war axe
 h - a +0 hunting sling
 m - a +3 short sword
 r - a +0 dagger of pain
 w - a +2 whip of electrocution (weapon)
Missiles
 g - 11 poisoned darts (quivered)
 i - 58 stones
Armour
 b - a +0 scale mail (worn)
 c - a +0 kite shield (worn)
 l - a +0 pair of gloves
Jewellery
 k - a ring of see invisible
 o - a +6 ring of intelligence
Scrolls
 e - a scroll of magic mapping {unknown}
 f - a scroll of fog {unknown}
 p - a scroll of teleportation {unknown}
 s - a scroll of identify {unknown}


   Skills:
 - Level 3.6 Fighting
 - Level 6.6(6.9) Axes
 + Level 2.1(4.1) Maces & Flails
 - Level 3.2 Armour
 - Level 3.2 Shields


You had 4 spell levels left.
You didn't know any spells.
Your spell library was empty.

Dungeon Overview and Level Annotations

Branches:
Dungeon (4/15)
 Temple: D:4-7

Altars:
Xom

Annotations:
D:4 Grinder


Message History

* * * LOW HITPOINT WARNING * * *
The hound bites you.
* * * LOW HITPOINT WARNING * * *
It was a potion of degeneration.
There was something very wrong with that liquid.
You feel weakened.
You feel dopey.
You feel clumsy. The orc hits you but does no damage.
It was a potion of curing.
You feel better. The orc hits you with a +0 hand axe.
* * * LOW HITPOINT WARNING * * *
It was a potion of flight.
You feel very buoyant.
You fly up into the air.
The orc closely misses you.
You whack the orc!
You kill the orc!
Beogh accepts your kill. The hound bites you but does no damage.
You barely miss the hound.
The hound is lightly wounded.
You block the hound's attack. The hound bites you but does no damage.
You closely miss the hound.
The hound is lightly wounded.
The hound closely misses you.
You whack the hound! Lightning courses through the hound!
You kill the hound!
Beogh accepts your kill.
You feel your strength returning.
Your base Maces & Flails skill increases to level 2!
You closely miss the orc. The orc hits you with a +0 hand axe.
* * * LOW HITPOINT WARNING * * *
The orc hits you with a +0 hand axe.
* * * LOW HITPOINT WARNING * * *
You closely miss the orc. The orc hits you with a +0 hand axe.
* * * LOW HITPOINT WARNING * * *
You feel mightier all of a sudden. The orc barely misses you.
You hit the orc.
The orc is almost dead.
The orc hits you with a +0 hand axe.
You die...

###.# ##........# †...#
##.......#.# ##..#
#.....##.#.#
....#######...###.#.#
##...........)# #.#.#
##..#######..## #.#.####
##<.# #..# #......# ....#
#..####...##.# #####
##...oo@...##.#### #...#
##.....###........# .[..#
##.....)>##.###.##.#
#...####)......o.#.##...#.#
.......'...<.....+........#
.......#.........####....##
#...##.##.......## ##.#.#
#...##.###.....## ###.#
#...##.# ##...## #.#


You could see 2 orcs.

Vanquished Creatures
  A hound (D:3)
  Jessica (D:2)
  3 worms (D:2)
  3 dart slugs
  3 orcs (D:3)
  9 endoplasms
  2 giant cockroaches (D:1)
  15 goblins
  8 hobgoblins
  4 jackals (D:2)
  5 kobolds
  3 quokkas
  9 ball pythons
  4 bats
  3 frilled lizards
  7 rats
80 creatures vanquished.

Vanquished Creatures (others)
  2 fungi (D:2)
  6 plants (D:2)
8 creatures vanquished.

Grand Total: 88 creatures vanquished

Notes
Turn   | Place    | Note
-------+----------+-------------------------------------------
     0 | D:1      | dolemite99 the Hill Orc Fighter began the quest for the
                  | Orb.
     0 | D:1      | Reached XP level 1. HP: 19/19 MP: 1/1
    14 | D:1      | Reached skill level 3 in Axes
   119 | D:1      | Reached XP level 2. HP: 21/26 MP: 2/2
   216 | D:1      | Reached skill level 4 in Axes
   423 | D:1      | Reached XP level 3. HP: 29/31 MP: 3/3
   577 | D:1      | Reached skill level 5 in Axes
   936 | D:2      | Noticed Jessica
   941 | D:2      | Killed Jessica
   942 | D:2      | Reached XP level 4. HP: 39/39 MP: 4/4
   970 | D:2      | Reached skill level 6 in Axes
  1172 | D:2      | Found a shimmering altar of Xom.
  1527 | D:2      | Found a faded altar of an unknown god.
  2216 | D:3      | Reached XP level 5. HP: 45/45 MP: 5/5
  2405 | D:3      | Became a worshipper of Beogh the Brigand
  2783 | D:3      | Reached skill level 1 in Maces & Flails
  2910 | D:4      | Noticed Grinder
  2931 | D:3      | HP: 2/45 [orc (2)]
  2933 | D:3      | Slain by an orc

Illustrated notes

Levels and vault maps discovered:
D:1:      amcnicky_arrival_double_pillar, layout_rooms, grunt_decor_clamped
D:2:      layout_basic, shapermc_ecumenical_altar_hornbeckon, basic_altar,
          serial_park_tiny_pond, kennysheep_generic_room_11, uniq_jessica
D:3:      layout_loops_corners
D:4:      layout_rooms, demons_altar, hangedman_decor_clover_reticule,
          chequers_decorated_corner, uniq_sigmund, uniq_grinder, uniq_ijyb

Skill      XL: |  1  2  3  4  5 |
---------------+----------------+-----
Axes           | 3 4 5 6 |  6.6
Maces & Flails | 2 |  2.1
Fighting       | |  3.6
Armour         | |  3.2
Shields        | |  3.2

Action                   |  1- 3 |  4- 6 || total
-------------------------+-------+-------++-------
Melee: War axe           |    77 |    48 ||   125
       Whip              |       |    56 ||    56
Throw: Dart              |    14 |    52 ||    66
Invok: Convert to Beogh  |       |     1 ||     1
  Use: Potion            |       |     5 ||     5
Armor: Scale mail        |    48 |    46 ||    94
Dodge: Dodged            |    27 |    54 ||    81
Block: Kite shield       |    36 |    59 ||    95

Table legend: (Time is in decaauts)
 A = Elapsed time spent in this place.
 B = Non-inter-level travel time spent in this place.
 C = Inter-level travel time spent in this place.
 D = Time resting spent in this place.
 E = Time spent auto-exploring this place.
 F = Levels seen in this place.
 G = Mean time per level.
                   A        B        C        D        E       F      G
               +--------+--------+--------+--------+--------+-----+--------+
         Total |   3023 |   2885 |    138 |    211 |   1995 |   4 |  755.8 |
       Dungeon |   3023 |   2885 |    138 |    211 |   1995 |   4 |  755.8 |
               +--------+--------+--------+--------+--------+-----+--------+

Top non-repeatable levels by time:
     D:2: 1092 daAuts
     D:3: 966 daAuts
     D:1: 956 daAuts
     D:4: 7 daAuts
